Map: [ESL] Cosmic Sapphire

Players

Gerald

  • Race: Protoss Protoss
  • Spawn Location: 5:00

ForJumy - Winner!

  • Race: Protoss Protoss
  • Spawn Location: 11:00

Event: DreamHack SC2 Masters 2022 Atlanta (Online)

VOD

Have the link to the VOD?

Description

Time

  • Played on: Sept. 30, 2022, 1:32 p.m.
  • Length: 10:33

All games in this series

Show
View Real Time Build Order
Export as new Build Order

Gerald Protoss 

Build Orders: Oracle Opening 

Get SALT Encoding   

  12  0:00  Probe  
  13  0:12  Probe  
  14  0:17  Pylon  
  14  0:24  Probe (Chrono Boost)  
  16  0:37  Gateway, Probe (Chrono Boost)  
  16  0:42  Probe (Chrono Boost)  
  16  0:46  Assimilator  
  17  0:52  Probe (Chrono Boost)  
  17  0:55  Assimilator  
  18  1:05  Probe (Chrono Boost)  
  18  1:08  Gateway  
  19  1:13  Probe (Chrono Boost)  
  20  1:19  Probe  
  20  1:24  Cybernetics Core  
  21  1:31  Probe  
  22  1:36  Pylon  
  22  1:43  Probe  
  23  1:55  Probe  
  23  2:00  Stalker x2  
  28  2:06  Warp Gate  
  28  2:09  Pylon  
  28  2:14  Probe  
  29  2:19  Pylon  
  29  2:28  Probe  
  30  2:30  Stalker  
  30  2:35  Stalker  
  34  2:50  Shield Battery, Probe  
  35  2:56  Stargate  
  35  3:03  Probe  
  36  3:15  Probe  
  36  3:22  Nexus  
  36  3:27  Probe  
  36  3:36  Shield Battery, Oracle (Chrono Boost)  
  39  3:47  Pylon  
  39  4:06  Oracle, Probe (Chrono Boost)  
  43  4:12  Twilight Council, Pylon  
  43  4:14  Probe (Chrono Boost)  
  44  4:20  Probe  
  45  4:32  Probe  
  45  4:34  Adept x2, Probe  
  51  4:44  Probe, Blink (Chrono Boost)  
  52  4:46  Shield Battery  
  52  4:47  Probe  
  53  4:56  Probe  
  53  4:57  Stalker  
  53  4:59  Probe  
  57  5:08  Probe  
  57  5:11  Probe  
  59  5:20  Probe  
  58  5:23  Probe  
  58  5:25  Gateway  
  58  5:26  Stalker  
  58  5:27  Stalker  
  61  5:32  Assimilator  
  62  5:37  Nexus  
  62  5:39  Pylon  
  62  5:40  Probe  
  62  5:50  Stalker  
  62  5:51  Stalker  
  62  5:54  Probe x2  
  68  6:08  Pylon  
  68  6:15  Stalker  
  68  6:17  Probe  
  70  6:20  Pylon  
  70  6:26  Forge, Probe  
  70  6:30  Stalker x2  
  75  6:42  Stalker  
  75  6:44  Probe  
  78  6:47  Gateway  
  78  6:49  Probe  
  78  6:51  Fleet Beacon  
  79  6:54  Forge  
  79  6:57  Stalker x2  
  79  6:58  Robotics Facility  
  83  7:02  Pylon  
  83  7:04  Protoss Ground Weapons Level 1 (Chrono Boost)  
  83  7:13  Nexus, Probe, Pylon  
  83  7:15  Probe  
  85  7:17  Gateway  
  85  7:20  Assimilator, Stalker x2  
  89  7:25  Probe  
  90  7:31  Probe  
  90  7:34  Shield Battery  
  90  7:35  Pylon  
  91  7:40  Stalker  
  94  7:45  Stalker x2  
  94  7:47  Observer (Chrono Boost)  
  98  7:51  Robotics Bay  
  98  7:53  Stalker  
  100  7:59  Probe  
  100  8:00  Probe  
  102  8:08  Assimilator  
  102  8:11  Probe  
  100  8:12  Assimilator  
  100  8:14  Probe  
  100  8:16  Stalker  
  100  8:19  Photon Cannon  
  103  8:21  Observer  
  103  8:24  Robotics Facility  
  103  8:26  Probe  
  105  8:32  Probe x2  
  107  8:39  Photon Cannon  
  107  8:42  Disruptor (Chrono Boost)  
  107  8:46  Probe  
  111  8:57  Pylon  
  111  9:01  Stalker x4  
  118  9:06  Photon Cannon  
  117  9:11  Stalker  
  119  9:20  Disruptor (Chrono Boost)  
  119  9:21  Disruptor (Chrono Boost)  
  125  9:29  Stalker x3  
  131  9:37  Stalker  
  133  9:41  Pylon  
  129  9:51  Zealot  
  87  10:02  Stalker x2  
  87  10:05  Zealot x2  
  87  10:06  Probe  
  87  10:07  Probe x2  
  74  10:17  Stalker  
  61  10:28  Zealot  
  61  10:29  Zealot x3  
Show
View Real Time Build Order
Export as new Build Order

ForJumy Protoss - Winner!

Build Orders:  

Get SALT Encoding   

  12  0:00  Probe  
  13  0:12  Probe  
  14  0:16  Pylon  
  14  0:24  Probe  
  15  0:35  Gateway  
  15  0:36  Probe (Chrono Boost)  
  16  0:46  Probe (Chrono Boost), Assimilator  
  17  0:51  Probe (Chrono Boost)  
  17  0:54  Assimilator  
  18  1:03  Probe (Chrono Boost)  
  19  1:07  Gateway  
  19  1:12  Probe (Chrono Boost)  
  20  1:19  Probe  
  20  1:24  Cybernetics Core  
  21  1:31  Probe  
  22  1:33  Pylon  
  22  1:43  Probe  
  23  1:55  Probe  
  23  1:59  Warp Gate (Chrono Boost)  
  23  2:00  Stalker x2  
  28  2:09  Pylon  
  28  2:12  Probe  
  29  2:25  Probe  
  30  2:31  Sentry  
  30  2:34  Sentry  
  34  2:37  Probe  
  35  2:49  Nexus  
  35  2:54  Pylon  
  35  2:59  Probe  
  35  3:05  Stalker  
  40  3:13  Sentry  
  40  3:15  Shield Battery  
  40  3:22  Probe  
  40  3:26  Twilight Council  
  41  3:34  Probe  
  42  3:45  Stalker x3  
  42  3:46  Probe  
  43  3:51  Stalker  
  45  3:58  Probe (Chrono Boost)  
  45  4:01  Blink (Chrono Boost)  
  46  4:03  Probe (Chrono Boost)  
  47  4:15  Probe (Chrono Boost)  
  47  4:16  Probe (Chrono Boost)  
  49  4:17  Stalker  
  49  4:21  Probe (Chrono Boost)  
  49  4:23  Probe (Chrono Boost)  
  53  4:29  Probe, Pylon  
  53  4:30  Stalker  
  56  4:33  Assimilator  
  56  4:35  Probe  
  57  4:41  Stalker  
  57  4:42  Probe  
  57  4:45  Pylon  
  60  4:52  Gateway  
  60  4:54  Probe  
  60  4:56  Probe  
  60  4:58  Stalker  
  64  5:04  Stalker  
  64  5:06  Probe  
  66  5:10  Probe  
  66  5:18  Probe  
  65  5:24  Stalker  
  65  5:25  Probe  
  68  5:29  Shield Battery  
  68  5:30  Probe  
  68  5:32  Stalker  
  71  5:37  Probe  
  71  5:42  Nexus  
  72  5:47  Pylon  
  72  5:56  Stalker x2  
  76  6:02  Probe (Chrono Boost)  
  73  6:07  Probe (Chrono Boost)  
  72  6:12  Stalker  
  72  6:14  Probe (Chrono Boost)  
  72  6:15  Charge  
  76  6:19  Robotics Facility  
  76  6:20  Probe (Chrono Boost)  
  76  6:23  Probe (Chrono Boost)  
  76  6:25  Probe (Chrono Boost)  
  77  6:28  Probe  
  77  6:32  Stalker x2  
  83  6:34  Probe  
  84  6:40  Probe (Chrono Boost)  
  84  6:47  Gateway  
  84  6:52  Shield Battery, Probe x2 (Chrono Boost)  
  85  6:56  Shield Battery  
  85  6:57  Probe (Chrono Boost)  
  85  6:58  Probe (Chrono Boost)  
  85  6:59  Probe (Chrono Boost)  
  88  7:02  Stalker x2  
  93  7:08  Gateway  
  93  7:11  Observer  
  93  7:13  Probe x2  
  93  7:14  Probe  
  96  7:20  Forge  
  96  7:23  Gateway  
  96  7:24  Gateway  
  96  7:25  Probe  
  96  7:27  Probe  
  96  7:29  Probe  
  99  7:30  Assimilator, Pylon  
  99  7:42  Pylon x2  
  99  7:44  Pylon  
  99  7:48  Immortal (Chrono Boost)  
  103  7:52  Templar Archives  
  103  7:54  Gateway  
  103  7:55  Protoss Ground Weapons Level 1 (Chrono Boost), Zealot x2  
  103  7:57  Probe  
  108  7:59  Probe  
  109  8:05  Zealot x2  
  113  8:14  Photon Cannon  
  113  8:19  Zealot, Warp Prism (Chrono Boost)  
  115  8:20  Zealot  
  119  8:29  Nexus  
  119  8:32  High Templar x2  
  119  8:33  High Templar x2  
  127  8:35  Pylon  
  127  8:37  Archon x2  
  127  8:40  Zealot x2  
  131  8:44  Pylon  
  131  8:48  Observer  
  132  8:52  Assimilator  
  132  8:53  Pylon  
  132  8:54  Pylon  
  132  9:02  Probe  
  133  9:03  Pylon  
  133  9:07  High Templar x2  
  133  9:08  Zealot x4  
  145  9:13  Gateway  
  145  9:17  Archon  
  145  9:22  Zealot x2  
  144  9:33  Zealot x4  
  144  9:37  Robotics Bay  
  144  9:38  Photon Cannon  
  152  9:40  Zealot x2  
  148  9:50  Stalker x2  
  148  9:52  Probe  
  133  10:03  Stalker x5  
  135  10:09  Photon Cannon  
  122  10:16  Stalker x3  
  122  10:17  Probe x2  
  122  10:19  Probe  
  115  10:29  Zealot x5  
Tags
 
Add a new tag
Caveats
  • Supply blocks, unpowered buildings, or Contaminate may cause inaccurate times.
  • Supply counts are checked every 10 seconds.